 Dungeon Crawl Stone Soup version 0.17-a0-1769-g54adf96 (webtiles) character file.

92 gp7 the Poker (level 4, -4/35 HPs)
             Began as a Demonspawn Berserker on Sept 8, 2015.
             Was a Believer of Trog.
             Slain by a gnoll
             ... wielding a +0 halberd
              (7 damage)
             ... on level 3 of the Dungeon.
             The game lasted 00:05:05 (2006 turns).

gp7 the Poker (Demonspawn Berserker)                Turns: 2006, Time: 00:05:05

Health: -4/35      AC:  2    Str: 17    XL:     4   Next: 35%
Magic:  4/4        EV: 13    Int:  8    God:    Trog [**....]
Gold:   49         SH:  0    Dex: 14    Spells: 0 memorised, 3 levels left

rFire  . . .     SeeInvis .     a - +0 spear
rCold  . . .     Clarity  .     b - +0 animal skin
rNeg   . . .     SustAt   .     (no shield)
rPois  +         Gourm    .     (no helmet)
rElec  .         Spirit   .     (no cloak)
rCorr  .         Warding  .     (no gloves)
rMut   .         Stasis   .     (no boots)
MR     ++...                    (no amulet)
Stlth  +.........               (no ring)
                                f - ring of poison resistance

@: exhausted, regenerating, slowed, very slow, very resistant to hostile
enchantments, very unstealthy
A: talons 1, rot immunity
a: Burn Spellbooks, Berserk, Trog's Hand, Renounce Religion


You were on level 3 of the Dungeon.
You worshipped Trog.
Trog was pleased with you.
You were not hungry.

You visited 1 branch of the dungeon, and saw 3 of its levels.

You collected 49 gold pieces.

Inventory:

Hand weapons
 a - a +0 spear (weapon)
Armour
 b - a +0 animal skin (worn)
Jewellery
 f - a ring of poison resistance (left hand)
Scrolls
 e - 2 scrolls of identify {unknown}
 h - a scroll of enchant weapon {unknown}
 n - a scroll of random uselessness {unknown}
Potions
 d - a potion of cancellation {unknown}
 g - a potion of lignification {unknown}
 i - a potion of cure mutation {unknown}
 k - a potion of might {unknown}
 l - a potion of brilliance {unknown}
 m - 2 potions of poison {unknown}
Comestibles
 c - a bread ration
 j - 3 chunks of flesh


   Skills:
 + Level 3.3 Fighting
 + Level 3.5 Polearms
 + Level 2.6 Armour
 + Level 2.5 Dodging


You had 3 spell levels left.
You didn't know any spells.

Dungeon Overview and Level Annotations

Branches:
Dungeon (3/15)

Altars:
Ashenzari


Innate Abilities, Weirdness & Mutations

You have sharp toenails.
You are immune to rotting.


Message History

Aim: a gnoll, wielding a halberd You reach to attack!
You barely miss the gnoll. The gnoll barely misses you.
The gnoll hits you from afar with a halberd!
* * * LOW HITPOINT WARNING * * *
Use which ability?
You're too exhausted to go berserk.
Use which ability?
Your skin crawls.
You feel resistant to hostile enchantments.
You feel slightly more hungry. The gnoll barely misses you.
You are too injured to fight recklessly!
You are too injured to fight recklessly!
A goblin comes into view. It is wielding a club.
The goblin shouts!
The gnoll hits you with a halberd!
* * * LOW HITPOINT WARNING * * *
You hit the gnoll. You claw the gnoll, but do no damage.
The gnoll is moderately wounded.
The gnoll hits you with a halberd!
You die...

# .. # ### ..
#.##.. ###.#
.#.##.#.. ...
g.......####.#
#g@<....#
.......#######
..#####


You could see 2 gnolls.

Vanquished Creatures
  3 adders (D:2)
  2 gnolls
  2 oozes (D:1)
  A worm (D:2)
  5 bats
  3 goblins
  4 hobgoblins
  3 kobolds
  2 ball pythons
  A giant cockroach (D:1)
  A giant newt (D:1)
  4 jackals (D:1)
  2 quokkas (D:2)
  5 rats
38 creatures vanquished.

Notes
Turn   | Place    | Note
--------------------------------------------------------------
     0 | D:1      | gp7 the Demonspawn Berserker began the quest for the Orb.
     0 | D:1      | Reached XP level 1. HP: 18/18 MP: 1/1
    47 | D:1      | Found a shattered altar of Ashenzari.
   129 | D:1      | Gained mutation: You have sharp toenails. [demonic ancestry]
   129 | D:1      | Reached XP level 2. HP: 9/24 MP: 2/2
   865 | D:2      | Reached XP level 3. HP: 29/29 MP: 3/3
  1186 | D:2      | Acquired Trog's second power
  1591 | D:2      | Gained mutation: You are immune to rotting. [demonic ancestry]
  1591 | D:2      | Reached XP level 4. HP: 22/35 MP: 4/4
  2005 | D:3      | HP: 1/35 [gnoll/halberd (11)]
  2006 | D:3      | Slain by a gnoll

Vault maps used:
D:1:      eino_arrival_cavern_c, evilmike_ruin_ashenzari
D:2:      grunt_ministairs_10
D:3:      tgw_trog

Action                   |  1- 3 |  4- 6 || total
-------------------------+-------+-------++-------
Melee: Spear             |   135 |    18 ||   153
Invok: Berserk           |     4 |     2 ||     6
       Trog's Hand       |       |     1 ||     1
 Stab: Sleeping          |     4 |       ||     4
  Eat: Chunk             |     5 |     5 ||    10
